 Dungeon Crawl Stone Soup version 0.26.1-10-gdfb7c7de75 (webtiles) character file.

Game seed: 3959251971493284202

598 phalm the Shield-Bearer (level 7, -2/66 HPs)
             Began as a Gargoyle Fighter on Apr 9, 2021.
             Slain by a gnoll (4 damage)
             ... on level 3 of the Dungeon.
             The game lasted 00:07:47 (4228 turns).

phalm the Shield-Bearer (Gargoyle Fighter)          Turns: 4228, Time: 00:07:48

Health: -2/66      AC: 23    Str: 21    XL:     7   Next: 40%
Magic:  7/7        EV:  2    Int:  9    God:
Gold:   122        SH: 10    Dex:  9    Spells: 6/6 levels left

rFire    . . .     SeeInvis .   a - +0 flail
rCold    . . .     Faith    .   c - +0 kite shield
rNeg     + + +     Spirit   .   (armour currently unavailable)
rPois    ∞         Reflect  .   (helmet currently unavailable)
rElec    .         Harm     .   (cloak currently unavailable)
rCorr    +         Rampage  .   (gloves currently unavailable)
Will     .....     NoTele   +   (boots currently unavailable)
Stlth    +.........             (no amulet)
HPRegen  0.21/turn              l - ring of resist corrosion
MPRegen  0.10/turn              (no ring)

@: tree-form, attractive, hasted, very quick
A: negative energy resistance 1, petrification resistance, miasma immunity, AC
+4
a: no special abilities


You were on level 3 of the Dungeon.
You were a tree.
You visited 1 branch of the dungeon, and saw 3 of its levels.

You collected 122 gold pieces.

Inventory:

Hand Weapons
 a - a +0 flail (weapon)
Armour
 b - a +0 scale mail (melded)
 c - a +0 kite shield (worn)
 i - a +1 pair of boots of running (melded)
Jewellery
 l - a ring of resist corrosion (left branch)
Wands
 s - a wand of iceblast (6)
Scrolls
 e - 3 scrolls of identify {unknown}
 h - a scroll of remove curse {unknown}
 j - a scroll of blinking {unknown}
 k - a scroll of teleportation {unknown}
 m - a scroll of fear {unknown}
 o - a scroll of magic mapping {unknown}
 q - a scroll of enchant armour {unknown}
Potions
 d - 2 potions of might
 g - a potion of attraction
 n - 2 potions of lignification
 p - a potion of flight
 r - a potion of heal wounds {unknown}


   Skills:
 + Level 4.6 Fighting
 * Level 4.8 Maces & Flails
 + Level 4.7 Armour
 * Level 5.9 Shields


You had 6 spell levels left.
You didn't know any spells.
Your spell library was empty.

Dungeon Overview and Level Annotations

Branches:
Dungeon (3/15)

Altars:


Innate Abilities, Weirdness & Mutations

You are resistant to torment.
((Your stone body is resilient. (AC +4)))
You are immune to poison.
You resist negative energy. (rN+)
((You are resistant to electric shocks. (rElec)))
((You can survive without breathing.))
You are immune to petrification.
You are immune to miasma.


Message History

Press: ? - help, v - describe, . - travel
Here: a gnoll (severely wounded, fast)
The floor.
It was a potion of lignification.
You turn into a tree.
Your +1 pair of boots of running melds into your body.
Your +0 scale mail melds into your body.
You feel rather sluggish.
Your roots penetrate the ground.
You cannot move.
You closely miss the gnoll.
The gnoll is severely wounded.
The gnoll hits you but does no damage. The gnoll hits you.
* * * LOW HITPOINT WARNING * * *
It was a potion of attraction.
You feel attractive to monsters. You block the gnoll's attack.
The gnoll shaman is pulled toward you!
It was a potion of flight.
Your roots keep you in place.
The gnoll hits you but does no damage. You block the gnoll's attack.
You block the gnoll shaman's attack.
It was a potion of haste.
You feel yourself speed up. The gnoll hits you.
You die...

##########################...#≈≈P
.'.. #'###≈≈. ###.. #.#.≈≈≈.
#.'... #.#.≈≈≈. ##g###.#.≈≈≈.
#...g..#.≈≈≈. #...).)#.≈≈≈.
########################)#.≈≈≈.
......#....#..♣g..)....#.#.≈≈≈.
......'....'..g..)....)g)#[≈≈≈.
......#....#...........#'###≈≈P
#########''''#############...#≈≈.
.........................#...#≈≈.
≈≈≈≈≈≈≈≈≈....≈≈≈≈≈≈≈≈≈≈≈≈#####≈≈.
≈≈≈≈≈≈≈≈≈....≈≈≈≈≈≈≈≈≈≈≈≈≈≈≈≈≈≈≈.
≈≈≈≈≈≈≈≈≈....≈≈≈≈≈≈)≈≈≈≈≈≈≈≈≈≈≈≈.
........).)..†.)..).))).......P..


You could see a gnoll shaman and a gnoll (fast).

Vanquished Creatures
  3 gnoll shamans (D:3)
  Natasha (thrice) (D:2)
  29 gnolls
  7 adders
  An ooze (D:2)
  2 worms
  6 orcs (D:3)
  4 giant cockroaches (D:2)
  2 hobgoblins
  15 jackals
  12 kobolds
  A ball python (D:2)
  11 bats
  2 frilled lizards (D:2)
  3 goblins
  9 rats
110 creatures vanquished.

Notes
Turn   | Place    | Note
-------+----------+-------------------------------------------
     0 | D:1      | phalm the Gargoyle Fighter began the quest for the Orb.
     0 | D:1      | Reached XP level 1. HP: 14/14 MP: 1/1
   192 | D:1      | Reached XP level 2. HP: 19/19 MP: 2/2
   330 | D:1      | Identified a +1 pair of boots of running (You found it on
                  | level 1 of the Dungeon)
   825 | D:2      | Reached XP level 3. HP: 20/23 MP: 3/3
  1012 | D:2      | Reached skill level 4 in Shields
  1232 | D:2      | Reached XP level 4. HP: 27/28 MP: 4/4
  1839 | D:2      | Reached XP level 5. HP: 13/33 MP: 5/5
  2018 | D:3      | Noticed Natasha
  2251 | D:2      | Killed Natasha
  2340 | D:2      | Noticed Natasha
  2352 | D:2      | Killed Natasha
  2442 | D:2      | Noticed Natasha
  2471 | D:2      | Killed Natasha
  3410 | D:3      | Reached XP level 6. HP: 37/38 MP: 6/6
  3428 | D:3      | Reached skill level 5 in Shields
  4050 | D:3      | Reached XP level 7. HP: 35/44 MP: 7/7
  4220 | D:3      | HP: 1/44 [gnoll (6)]
  4225 | D:3      | HP: 1/66 [gnoll (1)]
  4228 | D:3      | Slain by a gnoll

Illustrated notes

Levels and vault maps discovered:
D:1:      minmay_arrival_solitary_statue, layout_basic, minmay_hexomino_u4
D:2:      layout_basic, minmay_vboxes
D:3:      lemuel_castle_with_subvaults [lemuel_castle_interior_carwin_1],
          layout_rooms, fedhas_altar_2, nemelex_altar_shiori, uniq_natasha

Skill      XL: |  1  2  3  4  5  6 |
---------------+-------------------+-----
Shields        | 4 5 |  5.9
Maces & Flails | 3 4 |  4.8
Fighting       | 4 |  4.6
Armour         | 4 |  4.7

Action                   |  1- 3 |  4- 6 |  7- 9 || total
-------------------------+-------+-------+-------++-------
Melee: Flail             |   141 |   278 |    57 ||   476
Evoke: Wand              |       |     3 |     1 ||     4
  Use: Potion            |       |     1 |     4 ||     5
Armor: Scale mail        |   113 |   155 |    37 ||   305
       Skin              |       |       |     2 ||     2
Dodge: Dodged            |    62 |    78 |    20 ||   160
Block: Kite shield       |    95 |   156 |    48 ||   299
